 Dungeon Crawl Stone Soup version 0.19-a0-1079-g88a7474 (webtiles) character file.

7116 4thArraOfDagon the Carver (level 10, 0/139 HPs)
             Began as a Minotaur Berserker on Aug 6, 2016.
             Was a Priest of Trog.
             Killed from afar by an electric eel (6 damage)
             ... with a bolt of electricity
             ... on level 4 of the Lair of Beasts.
             The game lasted 00:16:08 (2411 turns).

4thArraOfDagon the Carver (Minotaur Berserker)      Turns: 2411, Time: 00:16:10

Health: 0/139      AC: 11    Str: 28    XL:     10   Next: 85%
Magic:  9/9        EV: 16    Int:  5    God:    Trog [***...]
Gold:   259        SH:  0    Dex: 11    Spells: 0 memorised, 9 levels left

rFire  + . .     SeeInvis .     G - +1 long sword
rCold  . . .     Gourm    .     y - +0 troll leather armour
rNeg   . . .     Faith    .     (no shield)
rPois  .         Spirit   .     (helmet restricted)
rElec  .         Dismiss  .     B - +2 cloak "Roanipn" {Slay+3}
rCorr  .         Reflect  .     (no gloves)
SustAt .         Harm     .     C - +1 pair of boots {Stlth+}
MR     ++...                    j - amulet of regeneration
Stlth  ..........               l - ring of protection from fire
                                f - ring of flight

@: berserking (expiring), lethally poisoned (0 -> 0), regenerating, very quick
A: retaliatory headbutt, horns 2
a: Berserk, Trog's Hand, Burn Spellbooks, Renounce Religion, Evoke Flight


You were on level 4 of the Lair of Beasts.
You worshipped Trog.
Trog was most pleased with you.
You were not hungry.

You visited 2 branches of the dungeon, and saw 12 of its levels.
You also visited: Labyrinth.

You collected 259 gold pieces.

Inventory:

Hand Weapons
 a - the +9 morningstar of Witteg {pain, *Drain rC+++ Int+5}
   (You found it in a labyrinth)

   In the hands of one skilled in necromantic magic, it inflicts extra damage on
   living creatures.
   It affects your intelligence (+5).
   It renders you almost immune to cold.
   It causes draining when unequipped.
 t - a +0 falchion of holy wrath
 G - a +1 long sword (weapon)
Missiles
 h - 2 javelins (quivered)
Armour
 b - a +0 animal skin
 d - a +0 chain mail
 q - a +0 plate armour
 y - a +0 troll leather armour (worn)
 B - the +2 cloak "Roanipn" (worn) {Slay+3}
   (You found it in a labyrinth)

   It affects your accuracy and damage with ranged weapons and melee attacks
   (+3).
 C - a +1 pair of boots of stealth (worn)
 D - the +4 robe of Augmentation {Str+4 Int+4 Dex+4}
   (You found it in a labyrinth)

   It affects your strength (+4).
   It affects your intelligence (+4).
   It affects your dexterity (+4).
Jewellery
 f - a ring of flight (left hand)
 j - an amulet of regeneration (around neck)
 l - a ring of protection from fire (right hand)
Wands
 r - a wand of lightning (5/15)
 v - a wand of enslavement (0/24)
 w - a wand of random effects (3/48)
 E - a wand of enslavement (7/24)
 F - a wand of lightning (11/15)
Scrolls
 e - 3 scrolls of remove curse
 A - a scroll of enchant armour
 H - a scroll of noise
Potions
 i - 4 potions of might {unknown}
 k - a potion of curing
 m - 2 potions of magic {unknown}
 n - 2 potions of lignification {unknown}
 o - a potion of flight {unknown}
 p - 2 potions of agility
 u - 2 potions of degeneration
 x - a potion of brilliance {unknown}
Comestibles
 c - a bread ration
 g - a slice of pizza
 s - 4 chunks of flesh
 z - a meat ration


   Skills:
 + Level 9.8 Fighting
 * Level 12.8 Long Blades
 + Level 9.2 Armour
 + Level 8.4 Dodging


You had 9 spell levels left.
You didn't know any spells.

Dungeon Overview and Level Annotations

Branches:
Dungeon (8/15)               Lair (4/6) D:8           Swamp (0/4) Lair:4
 Temple: D:4-7        Snake: Lair:2-4    Spider: Lair:2-4

Altars:
Dithmenos
Hepliaklqana
Kikubaaqudgha
Qazlal

Annotations:
D:5 4thArraOfDagon's ghost, weakling MiBe
D:7 FrancescoMac's ghost, novice CeMo
Lair:3 Dirtsage's ghost, journeyman FoFi
Lair:4 Rupert


Innate Abilities, Weirdness & Mutations

You reflexively headbutt those who attack you in melee.
You have a pair of horns on your head.


Message History

Unknown command.
Unknown command.
The electric eel shoots out a bolt of lightning at you!
The bolt of electricity hits you!
* * * LOW HITPOINT WARNING * * *
The electric eel shoots out a bolt of lightning at you!
The bolt of electricity hits the electric eel.
The electric eel completely resists.
The bolt of electricity hits the electric eel.
The electric eel completely resists.
The bolt of electricity misses you.
You feel a strong urge to attack something.
The electric eel shoots out a bolt of lightning at you!
The bolt of electricity hits the electric eel.
The electric eel completely resists.
The bolt of electricity hits the electric eel.
The electric eel completely resists.
The bolt of electricity misses you.
The electric eel shoots out a bolt of lightning at you!
The bolt of electricity hits the electric eel.
The electric eel completely resists.
The bolt of electricity hits you!
You die...

....# ##..###..
.....##.........
................#
.
.................
#
....!....§§≈§§...
........≈≈§§§§..#
........≈l§§§..#
#
#......@;≈§§§..#
#
P........;;;...#
#
###.....D§....(##
#..........P...#
#.#........P..##
# # #..........##
# ##.........# #
##.......### #
##)......#.#


You could see a seven-headed hydra, an iguana and 4 electric eels.

Vanquished Creatures
  A minotaur (Lab)
  A hydra (Lair:3)
  An elephant (Lair:3)
  A spiny frog (Lair:4)
  A rime drake (Lair:3)
  A troll (D:8)
  A blink frog (D:8)
  A shadow (Lab)
  A hippogriff (Lair:1)
  9 yaks (Lair:3)
  2 hungry ghosts (Lab)
  Edmund (D:6)
  2 water moccasins
  3 porcupines
  An ice beast (D:8)
  2 orc warriors (D:6)
  2 wolves (D:8)
  2 centaurs
  3 crocodiles
  5 giant frogs
  A big kobold (D:8)
  Blork the orc (D:6)
  A wyvern zombie (D:7)
  An electric eel (D:8)
  A crimson imp (D:5)
  2 giant frog zombies
  A hound (D:8)
  2 jellies (D:8)
  Jessica (D:3)
  An iguana (Lair:4)
  A worker ant (D:6)
  7 sheep (Lair:2)
  2 adders
  13 river rats
  2 adder skeletons
  3 giant geckos
  5 orcs
  3 giant cockroaches
  3 hobgoblins
  A quokka (D:2)
  A giant newt (D:5)
  A goblin (D:2)
  A jackal zombie (D:5)
  4 kobolds
  2 rats
102 creatures vanquished.

Vanquished Creatures (collateral kills)
  2 electric eels (D:8)
2 creatures vanquished.

Vanquished Creatures (others)
  A kobold (D:8)
  2 fungi (Lair:3)
  2 plants
5 creatures vanquished.

Grand Total: 109 creatures vanquished

Notes
Turn   | Place    | Note
-------+----------+-------------------------------------------
     0 | D:1      | 4thArraOfDagon the Minotaur Berserker began the quest for the Orb.
     0 | D:1      | Reached XP level 1. HP: 19/19 MP: 0/0
   106 | D:2      | Reached skill level 4 in Long Blades
   106 | D:2      | Reached XP level 2. HP: 27/27 MP: 1/1
   171 | D:3      | Noticed Jessica
   177 | D:3      | Killed Jessica
   177 | D:3      | Reached XP level 3. HP: 30/33 MP: 2/2
   246 | D:5      | Entered Level 5 of the Dungeon
   254 | D:5      | Reached XP level 4. HP: 30/40 MP: 3/3
   320 | D:5      | Found an ancient bone altar of Kikubaaqudgha.
   367 | D:5      | Reached skill level 5 in Long Blades
   392 | D:5      | Noticed 4thArraOfDagon's ghost (weakling MiBe)
   436 | D:6      | Noticed an orc warrior
   451 | D:6      | Killed an orc warrior
   451 | D:6      | Reached ** piety under Trog
   451 | D:6      | Reached XP level 5. HP: 47/47 MP: 4/4
   462 | D:6      | Torious: hi
   477 | D:6      | Noticed Blork the orc
   492 | D:6      | Killed Blork the orc
   492 | D:6      | Reached XP level 6. HP: 49/55 MP: 5/5
   517 | D:6      | Reached skill level 6 in Long Blades
   545 | D:5      | 4thArraOfDagon: hi
   545 | D:5      | 4thArraOfDagon: trying longswords now
   612 | D:6      | Noticed Edmund
   622 | D:6      | Killed Edmund
   622 | D:6      | Reached skill level 5 in Fighting
   631 | D:6      | Noticed an orc warrior
   710 | D:6      | Killed an orc warrior
   710 | D:6      | Reached XP level 7. HP: 31/61 MP: 6/6
   757 | D:7      | Reached skill level 7 in Long Blades
   757 | D:7      | Reached skill level 5 in Armour
   767 | D:7      | Found a hazy altar of Hepliaklqana.
   767 | D:7      | Noticed FrancescoMac's ghost (novice CeMo)
   824 | D:7      | Found a shadowy altar of Dithmenos.
   901 | D:8      | Found a stormy altar of Qazlal.
   943 | D:8      | Reached XP level 8. HP: 23/70 MP: 7/7
   965 | D:8      | Noticed a troll
   971 | D:8      | Killed a troll
   971 | D:8      | Reached skill level 8 in Long Blades
   971 | D:8      | Reached skill level 5 in Dodging
  1058 | D:8      | Noticed a blink frog
  1058 | D:8      | an electric eel changed into a blink frog
  1071 | D:8      | Killed a blink frog
  1071 | D:8      | Reached skill level 9 in Long Blades
  1101 | D:8      | Found a staircase to the Lair.
  1140 | Lair:1   | Entered Level 1 of the Lair of Beasts
  1148 | Lair:1   | Reached XP level 9. HP: 66/79 MP: 8/8
  1301 | Lair:2   | Reached skill level 10 in Long Blades
  1361 | Lair:2   | Reached *** piety under Trog
  1458 | Lair:2   | Found a labyrinth entrance.
  1473 | Lab      | Entered a labyrinth
  1919 | Lab      | Noticed a minotaur
  1928 | Lab      | Killed a minotaur
  1928 | Lab      | Reached skill level 11 in Long Blades
  1942 | Lab      | Got a crude cloak
  1953 | Lab      | Identified the +2 cloak "Roanipn" {Slay+3} (You found it in a labyrinth)
  1957 | Lab      | Got a translucent morningstar
  1958 | Lab      | Identified the +9 morningstar of Witteg {pain, *Drain rC+++ Int+5} (You found it in a labyrinth)
  1959 | Lab      | LOL!
  1996 | Lair:3   | Noticed an elephant
  1997 | Lair:3   | Noticed an elephant
  2011 | Lair:3   | Noticed a rime drake
  2020 | Lair:3   | Killed a rime drake
  2020 | Lair:3   | Reached XP level 10. HP: 90/90 MP: 9/9
  2032 | Lair:3   | Killed an elephant
  2033 | Lair:3   | Reached skill level 12 in Long Blades
  2115 | Lair:3   | Noticed Dirtsage's ghost (journeyman FoFi)
  2136 | Lair:4   | Noticed a spiny frog
  2138 | Lair:4   | Killed a spiny frog
  2219 | Lair:4   | Noticed a six-headed hydra
  2286 | Lair:4   | Noticed Rupert
  2304 | Lair:3   | Noticed a seven-headed hydra
  2310 | Lair:3   | Killed a nine-headed hydra
  2336 | Lair:3   | Noticed an elephant
  2388 | Lair:4   | Noticed a four-headed hydra
  2398 | Lair:4   | Found a staircase to the Swamp.
  2410 | Lair:4   | HP: 5/139 [electric eel/bolt of electricity (5)]
  2411 | Lair:4   | Killed from afar by an electric eel

Vault maps used:
D:1:      dpeg_arrival_three_same_balls, serial_forest, infiniplex_forest_end_3,
          infiniplex_forest_clump_small, infiniplex_forest_lined_2,
          infiniplex_forest_lined_corner, infiniplex_forest_lined_room_3,
          minivault_26
D:2:      gammafunk_temple_overflow_statue, uniq_sigmund
D:3:      uniq_jessica
D:4:      lemuel_doored_altar, first_bread, small_statue_alley_b,
          nicolae_zen_rock_garden, uniq_duvessa
D:5:      kiku_gazebo_garden_becter, uniq_prince_ribbit1
D:6:      okawaru_gym_becter, uniq_edmund, uniq_blork_the_orc
D:7:      lemuel_crystal_altar, fiery_altar_vehumet, overflow_temple_1_default,
          uniq_pikel
D:8:      grunt_qazlal_sundering, erik_lair_island, grunt_ogre_cave,
          serial_bayou_lake_a
Lair:2:   lab_entry_generic
Lair:4:   minmay_swamp_entry_eels, guppyfry_snake_entry_garden,
          nicolae_volcano_entry_vermiform, uniq_rupert
Lab:      nicolae_lab_blocks, nicolae_lab_starburst

Skill      XL: |  1  2  3  4  5  6  7  8  9 10 |
---------------+-------------------------------+-----
Long Blades    | 4 5 6 7 9 11 12 | 12.8
Armour         | 3 4 5 6 8 9 |  9.2
Fighting       | 4 5 6 7 8 9 |  9.8
Dodging        | 3 4 6 7 8 |  8.4

Action                   |  1- 3 |  4- 6 |  7- 9 | 10-12 || total
-------------------------+-------+-------+-------+-------++-------
Melee: Falchion          |    38 |    54 |   243 |    21 ||   356
       Headbutt          |     5 |    11 |    53 |    20 ||    89
       Long sword        |       |       |       |    52 ||    52
Invok: Berserk           |     1 |     3 |     3 |     2 ||     9
       Trog's Hand       |       |       |     6 |     2 ||     8
       Burn Spellbooks   |       |       |     1 |       ||     1
Evoke: Wand              |       |       |     9 |       ||     9
  Use: Scroll            |       |       |     8 |     3 ||    11
       Potion            |       |       |     1 |       ||     1
 Stab: Sleeping          |       |       |       |     2 ||     2
  Eat: Chunk             |       |     1 |    10 |     3 ||    14
       Fruit             |       |     1 |     6 |       ||     7
Armor: Chain mail        |    19 |     9 |       |       ||    28
       Plate armour      |       |    28 |    79 |       ||   107
       Troll leather arm |       |       |     9 |    20 ||    29
Dodge: Dodged            |    18 |    33 |   100 |    61 ||   212
